 Dungeon Crawl Stone Soup version 0.26.1-2-gb8aa6d0cf2 (webtiles) character file.

Game seed: 3040288971054411899

686 jlumianski the Grasshopper (level 7, -3/56 HPs)
             Began as a Gnoll Warper on Mar 23, 2021.
             Was a Believer of Vehumet.
             Shot with an arrow by a centaur (6 damage)
             ... on level 6 of the Dungeon.
             The game lasted 00:26:37 (6340 turns).

jlumianski the Grasshopper (Gnoll Warper)           Turns: 6340, Time: 00:26:40

Health: -3/56      AC: 13    Str: 16    XL:     7   Next: 62%
Magic:  12/15      EV: 14    Int: 16    God:    Vehumet [**....]
Gold:   424        SH:  0    Dex: 15    Spells: 9/17 levels left

rFire    . . .     SeeInvis .   a - +0 hand axe
rCold    . . .     Faith    .   (no shield)
rNeg     . . .     Spirit   .   h - +0 ring mail
rPois    .         Reflect  .   f - +1 helmet
rElec    .         Harm     .   (no cloak)
rCorr    +         Rampage  .   y - +2 pair of gloves
Will     .....     Clarity  +   (no boots)
Stlth    ++........             (no amulet)
HPRegen  0.18/turn              q - ring of resist corrosion
MPRegen  0.14/turn              (no ring)

@: no status effects
A: distributed training, fangs 1, icy blue scales 1, clarity, strong 1,
MP-powered wands, strong nose
a: Renounce Religion


You were on level 6 of the Dungeon.
You worshipped Vehumet.
Vehumet was pleased with you.
You visited 1 branch of the dungeon, and saw 6 of its levels.

You collected 424 gold pieces.

Inventory:

Hand Weapons
 a - a +0 hand axe (weapon)
 n - a +3 dagger of flaming
 A - a +0 mace of protection
Missiles
 c - 5 curare-tipped darts
 e - 5 boomerangs of dispersal
 g - 353 stones
 m - 6 javelins (quivered)
 z - 49 poisoned darts
Armour
 b - a +0 leather armour
 f - a +1 helmet (worn)
 h - a +0 ring mail (worn)
 s - a +2 leather armour of fire resistance
 y - a +2 pair of gloves (worn)
Jewellery
 j - an uncursed ring of see invisible
 q - a ring of resist corrosion (left hand)
 t - a cursed amulet of inaccuracy
 u - an uncursed ring of teleportation
Wands
 w - a wand of acid (7)
 x - a wand of digging (7)
 D - a wand of iceblast (8)
Scrolls
 d - 4 scrolls of blinking
 k - 5 scrolls of teleportation
 l - 2 scrolls of enchant weapon
 o - 5 scrolls of identify
 v - a scroll of remove curse
 B - a scroll of fear
Potions
 i - a potion of might {unknown}
 p - 2 potions of mutation
 C - a potion of haste {unknown}


   Skills:
 + Level 5.3 Fighting
 + Level 2.6 Short Blades
 + Level 2.6 Long Blades
 + Level 5.3 Axes
 + Level 2.6 Maces & Flails
 + Level 2.6 Polearms
 + Level 2.6 Staves
 + Level 2.6 Slings
 + Level 2.6 Bows
 + Level 2.6 Crossbows
 + Level 3.7 Throwing
 + Level 3.7 Armour
 + Level 5.3 Dodging
 + Level 2.6 Stealth
 + Level 2.6 Shields
 + Level 2.6 Unarmed Combat
 + Level 5.7 Spellcasting
 + Level 2.1 Conjurations
 + Level 2.1 Hexes
 + Level 2.1 Summonings
 + Level 2.1 Necromancy
 + Level 5.9 Translocations
 + Level 2.1 Transmutations
 + Level 2.1 Fire Magic
 + Level 2.1 Ice Magic
 + Level 2.1 Air Magic
 + Level 2.1 Earth Magic
 + Level 2.1 Poison Magic
 + Level 2.9 Invocations
 + Level 2.6 Evocations


You had 9 spell levels left.
You knew the following spells:

 Your Spells              Type           Power        Failure   Level
a - Blink                 Tloc           N/A          3%          2
b - Gell's Gravitas       Tloc           11%          7%          3
c - Teleport Other        Tloc           23%          7%          3

Your spell library contained the following spells:

 Spells                   Type           Power        Failure   Level
 Sandblast                Erth           22%          11%         1
 Lesser Beckoning         Tloc           11%          7%          3
 Passage of Golubria      Tloc           N/A          22%         4


Dungeon Overview and Level Annotations

Branches:
Dungeon (6/15)
 Temple: D:4-7

Altars:
Cheibriados
Fedhas
Okawaru
Trog
Vehumet

Shops:
D:4 [

Annotations:
D:4 Menkaure
D:6 Maggie


Innate Abilities, Weirdness & Mutations

Your experience applies equally to all skills.
You have very sharp teeth.
Your uncanny sense of smell can sniff out nearby items.
You are partially covered in icy blue scales. (AC +2)
You possess an exceptional clarity of mind.
Your muscles are strong. (Str +2)
You expend magic power (3 MP) to strengthen your wands.


Message History

You barely miss the centaur. Your bite misses the centaur.
The centaur completely misses you.
The centaur wields a +0 shortbow.
The centaur shoots an arrow.
The arrow hits you.
* * * LOW HITPOINT WARNING * * *
You see here 2 arrows.
Aiming: Corrosive Bolt
Press: ? - help, Shift-Dir - straight line, f - worker ant
Aim: a worker ant (26% to evade)
You feel a surge of power!
The bolt of acid hits the worker ant!
The worker ant is splashed with acid!
The acid corrodes the worker ant!
You kill the worker ant!
Vehumet accepts your kill.
The bolt of acid hits the centaur!
The centaur is splashed with acid!
The acid corrodes the centaur!
The centaur is almost dead.
The centaur shoots an arrow.
The arrow hits you but does no damage.
A worker ant comes into view.
The centaur shoots an arrow.
The arrow hits you.
You die...

#.#.# ... ... ######.#..
####.# .#. #......@.#
..... .. #.####.### ..#.#
.. #.... ### ###.#.# .# .
##### ......#.#.#.# .#
...
###.#....#...#(###.#.....
∆ .............c.@(...#
##.#..........###.#.#.
......##...#.###.#...
.... #B..#.#......#
∆#.####.(###......#
#....c...........#
#c#####..##......# ...
#.# ...........########
... #(#
##..#......<.......


You could see a centaur (corroded) and a worker ant.

Vanquished Creatures
  Eustachio (D:4)
  A phantom (D:5)
  A centaur zombie (D:3)
  A bullfrog skeleton (D:5)
  2 hounds
  An iguana (D:3)
  3 worker ants
  Robin (D:4)
  8 gnolls
  6 adders
  A white imp (D:5)
  An ooze (D:2)
  3 adder skeletons
  2 worms
  2 dart slugs
  2 leopard geckos
  2 orcs
  3 giant cockroaches
  17 goblins
  13 hobgoblins
  3 jackals (D:4)
  5 quokkas
  4 bats
  3 frilled lizards
  5 kobolds
  A quokka skeleton (D:4)
  9 rats
101 creatures vanquished.

Notes
Turn   | Place    | Note
-------+----------+-------------------------------------------
     0 | D:1      | jlumianski the Gnoll Warper began the quest for the Orb.
     0 | D:1      | Reached XP level 1. HP: 20/20 MP: 6/6
    86 | D:1      | Reached XP level 2. HP: 10/26 MP: 7/7
   590 | D:1      | Reached XP level 3. HP: 28/31 MP: 9/9
   899 | D:1      | Reached skill level 5 in Spellcasting
  1008 | D:3      | Found a radiant altar of Vehumet.
  1034 | D:3      | Became a worshipper of Vehumet
  1173 | D:3      | Learned a level 2 spell: Blink
  1177 | D:3      | Learned a level 3 spell: Gell's Gravitas
  1181 | D:3      | Learned a level 3 spell: Teleport Other
  1218 | D:3      | Reached skill level 1 in Invocations
  1237 | D:3      | Reached skill level 1 in Short Blades
  1237 | D:3      | Reached skill level 1 in Long Blades
  1237 | D:3      | Reached skill level 1 in Maces & Flails
  1237 | D:3      | Reached skill level 1 in Polearms
  1237 | D:3      | Reached skill level 1 in Staves
  1237 | D:3      | Reached skill level 1 in Slings
  1237 | D:3      | Reached skill level 1 in Bows
  1237 | D:3      | Reached skill level 1 in Crossbows
  1237 | D:3      | Reached skill level 1 in Stealth
  1237 | D:3      | Reached skill level 1 in Shields
  1237 | D:3      | Reached skill level 1 in Unarmed Combat
  1237 | D:3      | Reached skill level 1 in Evocations
  1237 | D:3      | Reached XP level 4. HP: 33/38 MP: 7/11
  1529 | D:1      | Reached skill level 1 in Conjurations
  1529 | D:1      | Reached skill level 1 in Hexes
  1529 | D:1      | Reached skill level 1 in Summonings
  1529 | D:1      | Reached skill level 1 in Necromancy
  1529 | D:1      | Reached skill level 1 in Transmutations
  1529 | D:1      | Reached skill level 1 in Fire Magic
  1529 | D:1      | Reached skill level 1 in Ice Magic
  1529 | D:1      | Reached skill level 1 in Air Magic
  1529 | D:1      | Reached skill level 1 in Earth Magic
  1529 | D:1      | Reached skill level 1 in Poison Magic
  1892 | D:2      | Reached XP level 5. HP: 27/43 MP: 12/12
  2274 | D:3      | Found an iron altar of Okawaru.
  2297 | D:3      | Reached * piety under Vehumet
  2297 | D:3      | Offered knowledge of Shock by Vehumet.
  2424 | D:2      | Found a blossoming altar of Fedhas.
  2424 | D:2      | Found a radiant altar of Vehumet.
  2732 | D:4      | Found Qyiraos's Antique Armour Boutique.
  2961 | D:3      | Found a snail-covered altar of Cheibriados.
  3069 | D:3      | Gained mutation: You are partially covered in icy blue
                  | scales. (AC +2) [potion of mutation]
  3069 | D:3      | Gained mutation: You expend magic power (3 MP) to
                  | strengthen your wands. [potion of mutation]
  3069 | D:3      | Gained mutation: You possess an exceptional clarity of
                  | mind. [potion of mutation]
  3069 | D:3      | Gained mutation: Your muscles are strong. (Str +2) [potion
                  | of mutation]
  3073 | D:3      | HP: 2/43 [poisoned by kobold (curare-tipped dart)]
  3078 | D:3      | HP: 2/64 [poisoned by kobold (curare-tipped dart)]
  3083 | D:3      | HP: 2/64 [poisoned by kobold (curare-tipped dart)]
  3088 | D:3      | HP: 1/64 [poisoned by kobold (curare-tipped dart)]
  3565 | D:3      | Reached XP level 6. HP: 31/50 MP: 6/13
  3816 | D:4      | Noticed Menkaure
  4365 | D:5      | Entered Level 5 of the Dungeon
  4515 | D:4      | Reached skill level 5 in Fighting
  4515 | D:4      | Reached skill level 5 in Axes
  4515 | D:4      | Reached skill level 5 in Dodging
  4677 | D:4      | Noticed Eustachio
  4694 | D:4      | Killed Eustachio
  4695 | D:4      | Reached XP level 7. HP: 56/56 MP: 3/15
  4855 | D:4      | Noticed Robin
  4857 | D:4      | Offered knowledge of Sandblast by Vehumet.
  4865 | D:4      | Reached ** piety under Vehumet
  4877 | D:4      | Killed Robin
  5073 | D:4      | Found a bloodstained altar of Trog.
  5506 | D:6      | Noticed Sigmund
  6302 | D:6      | Noticed Maggie
  6340 | D:6      | Shot with an arrow by a centaur

Illustrated notes

Levels and vault maps discovered:
D:1:      eino_arrival_water_star, layout_loops_ring, minmay_strange_pillars
D:2:      layout_basic, gammafunk_temple_overflow_wave
D:3:      minmay_inner_zag, layout_rooms, okawaru_ov_weapons_minmay,
          marbit_many_paths, kennysheep_donut, amcnicky_altar_gilded
D:4:      kennysheep_goblin_castle, layout_loops_ring, lightli_temple_of_fire,
          serial_shops, kennysheep_mini_moat, uniq_eustachio, uniq_menkaure
D:5:      layout_basic
D:6:      layout_basic, minmay_shop_mass, water_boxes_lemuel, uniq_maggie,
          uniq_sigmund

Skill      XL: |  1  2  3  4  5  6  7 |
---------------+----------------------+-----
Spellcasting   | 5 |  5.7
Invocations    | 1 2 |  2.9
Short Blades   | 1 2 |  2.6
Long Blades    | 1 2 |  2.6
Maces & Flails | 1 2 |  2.6
Polearms       | 1 2 |  2.6
Staves         | 1 2 |  2.6
Slings         | 1 2 |  2.6
Bows           | 1 2 |  2.6
Crossbows      | 1 2 |  2.6
Stealth        | 1 2 |  2.6
Shields        | 1 2 |  2.6
Unarmed Combat | 1 2 |  2.6
Evocations     | 1 2 |  2.6
Conjurations   | 1 2 |  2.1
Hexes          | 1 2 |  2.1
Summonings     | 1 2 |  2.1
Necromancy     | 1 2 |  2.1
Transmutations | 1 2 |  2.1
Fire Magic     | 1 2 |  2.1
Ice Magic      | 1 2 |  2.1
Air Magic      | 1 2 |  2.1
Earth Magic    | 1 2 |  2.1
Poison Magic   | 1 2 |  2.1
Throwing       | 3 |  3.7
Armour         | 3 |  3.7
Fighting       | 5 |  5.3
Axes           | 5 |  5.3
Dodging        | 5 |  5.3
Translocations | |  5.9

Action                   |  1- 3 |  4- 6 |  7- 9 || total
-------------------------+-------+-------+-------++-------
Melee: Hand axe          |    70 |   144 |   113 ||   327
       Bite              |    10 |    17 |    21 ||    48
       Dagger            |       |    39 |       ||    39
       Punch             |       |     1 |       ||     1
Throw: Javelin           |     6 |     4 |     2 ||    12
       Dart              |       |     3 |       ||     3
 Cast: Gell's Gravitas   |     1 |    12 |     4 ||    17
       Blink             |       |     1 |       ||     1
       Teleport Other    |       |       |     3 ||     3
Evoke: Wand              |       |     1 |     1 ||     2
  Use: Scroll            |     3 |     4 |     8 ||    15
       Potion            |       |     6 |     1 ||     7
 Stab: Sleeping          |       |     4 |       ||     4
Armor: Ring mail         |    25 |    81 |    60 ||   166
Dodge: Dodged            |    33 |   150 |    84 ||   267
